 Dungeon Crawl Stone Soup version 0.24.0-125-gc4c63601f3 (webtiles) character file.

Game seed: 9801412384317007654, levelgen mode: deterministic

798 Jerry the Cudgeler (level 7, -3/39 HPs)
             Began as a Vine Stalker Chaos Knight on Feb 25, 2020.
             Was a Plaything of Xom.
             Killed from afar by an orc wizard (5 damage)
             ... with a magic dart
             ... on level 6 of the Dungeon.
             The game lasted 00:23:45 (4922 turns).

Jerry the Cudgeler (Vine Stalker Chaos Knight)      Turns: 4922, Time: 00:23:45

Health: -3/39      AC:  6    Str: 17      XL:     7   Next: 89%
Magic:  0/8        EV: 11    Int: 12      God:    Xom [....*.]
Gold:   386        SH:  0    Dex:  7 (13) Spells: 6/6 levels left

rFire    . . .     SeeInvis .   o - +1 whip (drain)
rCold    . . .     Gourm    .   (no shield)
rNeg     . . .     Faith    .   b - +3 leather armour
rPois    .         Spirit   +   (no helmet)
rElec    .         Reflect  .   (no cloak)
rCorr    +         Harm     .   (no gloves)
MR       .....                  (no boots)
Stlth    +.........             i - amulet of the acrobat
HPRegen  0.53/turn              d - ring of resist corrosion
MPRegen  0.11/turn              (no ring)

@: no status effects
A: fangs 2, regeneration 1, magic shield, antimagic bite, no potion heal 3, rot
immunity
a: Renounce Religion


You were on level 6 of the Dungeon.
You worshipped Xom.
You were a beloved toy of Xom.
You were not hungry.

You visited 1 branch of the dungeon, and saw 6 of its levels.

You collected 386 gold pieces.

Inventory:

Hand Weapons
 a - a +0 mace of chaos
 f - a +0 whip
 o - a +1 whip of draining (weapon)
Armour
 b - a +3 leather armour (worn)
 h - a +3 leather armour
Jewellery
 d - a ring of resist corrosion (left hand)
 i - an amulet of the acrobat (around neck)
Scrolls
 e - a scroll of enchant armour
 m - 3 scrolls of magic mapping {unknown}
 p - a scroll of remove curse {unknown}
 s - a scroll of blinking
 t - a scroll of enchant weapon
 u - a scroll of fog
Potions
 j - a potion of brilliance
 k - a potion of haste
 l - 2 potions of agility
 n - 4 potions of curing {unknown}
 q - a potion of lignification {unknown}
 r - 3 potions of heal wounds {unknown}
 v - a potion of resistance {unknown}
 w - a potion of might {unknown}
Comestibles
 c - 4 rations


   Skills:
 + Level 5.2 Fighting
 + Level 5.2 Maces & Flails
 + Level 4.3 Armour
 - Level 0.7 Dodging


You had 6 spell levels left.
You didn't know any spells.
Your spell library was empty.

Dungeon Overview and Level Annotations

Branches:
Dungeon (6/15)             Temple (0/1) D:5

Altars:
Kikubaaqudgha
Okawaru

Shops:
D:5 *

Annotations:
D:2 Natasha


Innate Abilities, Weirdness & Mutations

You have extremely sharp teeth.
Your natural rate of healing is unusually fast.
When hurt, damage is shared between your health and your magic reserves.
Your bite disrupts and absorbs the magic of your enemies.
Potions cannot restore your health.
You are immune to rotting.


Message History

The wolf dies!
The ogre returns to its original shape as it dies.
You feel your dexterity returning.
The orc wizard hits you but does no damage.
An orc comes into view.
It is wielding a +0 hand axe and carrying a wand of digging (5).
Your quasit closely misses the orc wizard.
Your quasit barely misses the orc wizard.
Your quasit closely misses the orc wizard.
Your iron imp misses the orc wizard.
You closely miss the orc wizard. Your bite misses the orc wizard.
Your white imp gestures at the orc wizard.
The puff of frost misses the orc wizard.
The puff of frost hits you!
* * * LOW HITPOINT WARNING * * *
Xom thinks this is hilarious!
Your quasit barely misses the orc wizard. x2
Your quasit claws the orc wizard but does no damage.
The orc wizard points at you and mumbles some strange words.
The magic dart hits you.
You die...

#... ### #..#
... ..### ##..#
.. #...###..# ..
###..#..# .###.
#.....### ......
#..###...#
###...# #.##
###.######5)5..#
#.#
#.).>..$@o5..#
#.#
##########.[....
##.# o###. ...#
.. .### #. ..# #
#....# ###.##
#.#......... #
.#
#..........###$


You could see an orc wizard, an orc, a friendly iron imp, a friendly quasit and
a friendly white imp.

Vanquished Creatures
  An ice beast (D:5)
  An orc warrior (D:4)
  A wyvern skeleton (D:2)
  A howler monkey (D:4)
  A centaur zombie (D:6)
  2 hounds (D:5)
  2 orc priests (D:3)
  2 orc wizards
  An iguana (D:3)
  Natasha (D:2)
  3 worker ants
  A hound skeleton (D:4)
  2 adders
  An ooze (D:1)
  3 worms
  A dart slug (D:1)
  4 leopard geckos
  10 orcs
  7 bats
  5 giant cockroaches
  7 goblins
  6 hobgoblins
  4 jackals (D:3)
  7 kobolds
  3 quokkas
  2 ball pythons
  8 frilled lizards
  11 rats
98 creatures vanquished.

Vanquished Creatures (collateral kills)
  A wolf (D:6)
  A worker ant (D:4)
  An orc (D:4)
3 creatures vanquished.

Grand Total: 101 creatures vanquished

Notes
Turn   | Place    | Note
-------+----------+-------------------------------------------
     0 | D:1      | Jerry the Vine Stalker Chaos Knight began the quest for the
                  | Orb.
     0 | D:1      | Reached XP level 1. HP: 11/11 MP: 2/2
   157 | D:1      | Reached XP level 2. HP: 16/16 MP: 3/3
   196 | D:1      | XOM: harmless Summ miscast
   211 | D:1      | XOM: 2-stop teleportation journey
   396 | D:1      | Reached XP level 3. HP: 14/20 MP: 2/4
   467 | D:1      | XOM: medium Tloc miscast
   468 | D:1      | Noticed a spatial vortex
   667 | D:1      | XOM: mild Erth miscast
   987 | D:2      | XOM: butterfly on damage
   987 | D:2      | XOM: smoke on damage
  1247 | D:2      | XOM: mild Tloc miscast
  1297 | D:2      | XOM: cast spell 'Statue Form'
  1300 | D:2      | Gained mutation: Your natural rate of healing is unusually
                  | fast. [Vine Stalker growth]
  1300 | D:2      | Reached XP level 4. HP: 18/24 MP: 3/5
  1658 | D:2      | Noticed Natasha
  1665 | D:2      | Killed Natasha
  1665 | D:2      | Reached XP level 5. HP: 28/28 MP: 6/6
  1692 | D:2      | XOM: mild Necr miscast
  2030 | D:3      | Found an ancient bone altar of Kikubaaqudgha.
  2075 | D:3      | XOM: confuse monster(s)
  2513 | D:3      | Reached XP level 6. HP: 16/33 MP: 3/7
  2516 | D:2      | XOM: cleaving
  2516 | D:2      | Noticed Natasha
  2793 | D:3      | XOM: god gift: 34 gold pieces
  2926 | D:3      | XOM: harmless Ice miscast
  2978 | D:4      | XOM: summons 3 hostile demons
  3234 | D:4      | XOM is BORED!
  3234 | D:4      | XOM: mild Pois miscast
  3425 | D:4      | XOM: summons friendly quasit
  3509 | D:4      | XOM: polymorph quasit -> shadow imp
  3514 | D:4      | Noticed an orc warrior
  3530 | D:4      | XOM: noise
  3554 | D:4      | XOM: enchant monster (good)
  3556 | D:4      | XOM: summons friendly crimson imp
  3586 | D:4      | Killed an orc warrior
  3586 | D:4      | Reached XP level 7. HP: 17/38 MP: 3/8
  3871 | D:5      | Entered Level 5 of the Dungeon
  3890 | D:5      | XOM: enchant monster (bad)
  3955 | D:5      | Found Vill's Mayhem Merchandise.
  3971 | D:5      | Found a staircase to the Ecumenical Temple.
  4172 | D:5      | XOM: harmless Necr miscast
  4332 | D:5      | XOM: 5-stop teleportation journey
  4388 | D:5      | XOM: mild Necr miscast
  4506 | D:5      | XOM: god gift: sedimented inky potion {god gift}
  4648 | D:5      | Found an iron altar of Okawaru.
  4709 | D:6      | XOM: fake destruction
  4710 | D:6      | Noticed a brown ugly thing
  4725 | D:5      | Reached skill level 5 in Fighting
  4725 | D:5      | Reached skill level 5 in Maces & Flails
  4904 | D:6      | XOM: polymorph ogre -> wolf
  4918 | D:6      | XOM: summons 3 friendly demons
  4922 | D:6      | Killed from afar by an orc wizard

Levels and vault maps discovered:
D:1:      dpeg_arrival_rooms_a, layout_loops_ring
D:2:      layout_loops_cross, uniq_natasha
D:3:      layout_loops_ring, old_standard_altar
D:4:      layout_gridville, first_ration
D:5:      layout_loops_corners, minmay_temple_entry_statues, basic_altar,
          minmay_shop_mayhem
D:6:      hangedman_cross_stitches, layout_rooms, chequers_serial_rivers_micro_a

Skill      XL: |  1  2  3  4  5  6  7 |
---------------+----------------------+-----
Fighting       | 3 4 5 |  5.2
Maces & Flails | 3 4 5 |  5.2
Armour         | 2 3 4 |  4.3
Dodging        | |  0.7

Action                   |  1- 3 |  4- 6 |  7- 9 || total
-------------------------+-------+-------+-------++-------
Melee: Mace              |    60 |    43 |       ||   103
       Bite              |    16 |    38 |    12 ||    66
       Whip              |       |   206 |   108 ||   314
  Use: Scroll            |       |     1 |    10 ||    11
 Stab: Sleeping          |     1 |       |       ||     1
       Confused          |       |     1 |       ||     1
  Eat: Ration            |     1 |       |     1 ||     2
       Chunk             |       |     5 |     3 ||     8
Armor: Leather armour    |    22 |   117 |    31 ||   170
       Skin              |     1 |       |       ||     1
Dodge: Dodged            |    34 |   162 |    61 ||   257
